 Dungeon Crawl Stone Soup version 0.27.0-1-g7a089689b8 (webtiles) character file.

Game seed: 12793892183544835861

34 Malachi the Sneak (level 3, 0/24 HPs)
             Began as a Vampire Enchanter on Aug 17, 2021.
             Succumbed to an adder's poison
             ... on level 2 of the Dungeon.
             The game lasted 00:02:11 (1324 turns).

Malachi the Sneak (Vampire Enchanter)               Turns: 1324, Time: 00:02:11

Health: 0/24       AC:  2    Str:  7    XL:     3   Next: 14%
Magic:  2/6        EV: 12    Int: 18    God:
Gold:   29         SH:  0    Dex: 14    Spells: 3/6 levels left

rFire    . . .     SeeInvis +   a - +1 dagger
rCold    . . .     Faith    .   (no shield)
rNeg     . . .     Spirit   .   b - +0 robe
rPois    .         Reflect  .   (no helmet)
rElec    .         Harm     .   (no cloak)
rCorr    .         Rampage  .   (no gloves)
Will     .....                  (no boots)
Stlth    +++.......             (no amulet)
HPRegen  0.28/turn              (no ring)
MPRegen  0.10/turn              (no ring)

@: lethally poisoned (0 -> -5), very slightly contaminated, healing quickly
A: alive, fangs 3, see invisible, vampiric 2
a: Exsanguinate


You were on level 2 of the Dungeon.
You visited 1 branch of the dungeon, and saw 2 of its levels.

You collected 29 gold pieces.

Inventory:

Hand Weapons
 a - a +1 dagger (weapon)
 d - a +0 hunting sling
Missiles
 c - 27 stones
Armour
 b - a +0 robe (worn)
Scrolls
 e - a scroll of magic mapping {unknown}
 g - a scroll of vulnerability {unknown}
Potions
 f - a potion of curing {unknown}


   Skills:
 * Level 2.3 Short Blades
 - Level 2.1 Dodging
 * Level 5.4 Stealth
 - Level 2.0 Spellcasting
 - Level 4.4 Hexes
 * Level 1.0 Ice Magic


You had 3 spell levels left.
You knew the following spells:

 Your Spells              Type           Power      Damage    Failure   Level
a - Corona                Hex            18%        N/A       3%          1
b - Ensorcelled Hibernat  Hex/Ice        22%        N/A       9%          2

Your spell library contained the following spells:

 Spells                   Type           Power      Damage    Failure   Level
 Confusing Touch          Hex            17%        N/A       9%          3
 Tukima's Dance           Hex            17%        N/A       9%          3
 Dazzling Flash           Conj/Hex       18%        N/A       22%         3


Dungeon Overview and Level Annotations

Branches:
Dungeon (2/15)

Altars:


Innate Abilities, Weirdness & Mutations

Your natural rate of healing is accelerated.
You have razor-sharp teeth.
You have supernaturally acute eyesight. (SInv)
You are afflicted with vampirism and can become a bat while bloodless.


Message History

The jackal closely misses you.
The jackal stops glowing.
The jackal bites you.
* * * LOW HITPOINT WARNING * * *
The jackal misses you. The jackal closely misses you.
A ball python comes into view.
The jackal bites you.
* * * LOW HITPOINT WARNING * * *
The jackal closely misses you. The jackal closely misses you.
The jackal bites you.
* * * LOW HITPOINT WARNING * * *
The jackal completely misses you.
Casting: Corona (safe; 3% risk of failure)
Confirm with . or Enter, or press ? or * to list all spells.
Aiming: Ensorcelled Hibernation (safe; 9% risk of failure)
Press: ? - help, Shift-Dir - straight line, f/p - jackal
Aim: a jackal (chance to affect: 60%)
You miscast Ensorcelled Hibernation.
You are very lightly contaminated with residual magic.
Nothing appears to happen.
The jackal bites you.
* * * LOW HITPOINT WARNING * * *
The jackal bites you but does no damage.
Casting: Ensorcelled Hibernation (safe; 9% risk of failure)
Confirm with . or Enter, or press ? or * to list all spells.
Aiming: Ensorcelled Hibernation (safe; 9% risk of failure)
Press: ? - help, Shift-Dir - straight line, f/p - jackal
Aim: a jackal (chance to affect: 60%)
The jackal looks drowsy...
Unknown command.
The helpless jackal fails to defend itself.
You impale the jackal!!
You kill the jackal!
The adder bites you but does no damage. The adder bites you.
* * * LOW HITPOINT WARNING * * *
You are lethally poisoned!
The adder poisons you!
You die...

........PP♣$P....†.....#
#.##
..S..S..♣P♣♣♣.##.......#
#<.#
.######...P...##.......#
##.# ###..............#
#.# ##.############# #.#
#†#.......# #.#
#.#.#####.# #.#
#.#.#####S##.## #.#
#.#....@......# #.#
#.#..###..##.......#
#....# #..# #### ###..#
#.S# ##.....## #######


You could see an adder and a ball python (asleep).

Vanquished Creatures
  An adder (D:2)
  2 ball pythons (D:2)
  2 bats
  An endoplasm (D:1)
  3 hobgoblins (D:1)
  8 jackals
  A kobold (D:1)
  A frilled lizard (D:1)
  2 rats (D:1)
21 creatures vanquished.

Vanquished Creatures (others)
  6 plants
6 creatures vanquished.

Grand Total: 27 creatures vanquished

Notes
Turn   | Place    | Note
-------+----------+-------------------------------------------
     0 | D:1      | Malachi the Vampire Enchanter began the quest for the Orb.
     0 | D:1      | Reached XP level 1. HP: 13/13 MP: 3/3
   525 | D:1      | Reached XP level 2. HP: 6/19 MP: 3/5
   528 | D:1      | Learned a level 2 spell: Ensorcelled Hibernation
   612 | D:1      | Reached skill level 5 in Stealth
  1059 | D:1      | Found a faded altar of an unknown god.
  1271 | D:2      | Gained mutation: You are afflicted with vampirism and can
                  | become a bat while bloodless. [Vampire growth]
  1271 | D:2      | Reached XP level 3. HP: 13/24 MP: 3/6
  1284 | D:2      | Reached skill level 1 in Ice Magic
  1324 | D:2      | Succumbed to an adder's poison

Illustrated notes

Levels and vault maps discovered:
D:1:      erik_arrival_cave_to_civilisation [erik_arrival_cave_to_hall],
          layout_basic, chequers_ecumenical_altar_lobes,
          chequers_serial_rivers_micro_e
D:2:      layout_loops_cross, serial_forest, infiniplex_forest_zigzag_2,
          infiniplex_forest_fountain, infiniplex_forest_corner_1,
          infiniplex_forest_clump_tiny, infiniplex_forest_clump_medium,
          infiniplex_forest_straight_5, infiniplex_forest_diagonal,
          infiniplex_forest_clump_long, infiniplex_forest_straight_4,
          infiniplex_forest_clump_double

Skill      XL: |  1  2  3 |
---------------+----------+-----
Stealth        | 5 |  5.4
Short Blades   | 2 |  2.3
Ice Magic      | 1 |  1.0
Dodging        | |  2.1
Spellcasting   | |  2.0
Hexes          | |  4.4

Action                   || total
-------------------------++-------
Melee: Dagger            ||   101
       Bite              ||    10
 Cast: Corona            ||    12
       Ensorcelled Hiber ||     2
 Stab: Sleeping          ||     5
Armor: Robe              ||    29
Dodge: Dodged            ||    69
